 Dungeon Crawl Stone Soup version 0.28-a0-247-gb8bfbab023 (webtiles) character file.

Game seed: 3254340523837324528

0 SkeletonJelly the Ducker (level 1, -4/11 HPs)
             Began as a Spriggan Abyssal Knight on Aug 25, 2021.
             Was a Follower of Lugonu.
             Killed from afar by a wretched star (15 damage)
             ... with a lance of force
             ... on level 1 of the Abyss.
             The game lasted 00:00:27 (157 turns).

SkeletonJelly the Ducker (Spriggan Abyssal Knight)   Turns: 157, Time: 00:00:27

Health: -4/11      AC:  2    Str:  4    XL:     1   Next: 0%
Magic:  3/3        EV: 17    Int: 13    God:    Lugonu [*.....]
Gold:   11         SH:  0    Dex: 14    Spells: 0/0 levels left

rFire   . . .      SeeInvis +   a - +1 short sword
rCold   . . .      Faith    .   (shield restricted)
rNeg    . . .      Spirit   .   b - +0 robe
rPois   .          Reflect  .   (helmet restricted)
rElec   .          Harm     .   (no cloak)
rCorr   .          Rampage  .   (gloves unavailable)
Will    .....                   (boots unavailable)
Stlth   +.........              (no amulet)
HPRegen 0.00/turn               (no ring)
MPRegen 0.08/turn               (no ring)

@: inhibited regen, very quick
A: very small, no large weapons, unfitting armour, see invisible, speed 3,
[inhibited regeneration], [weak 2], [subdued magic 2]
a: Renounce Religion, Depart the Abyss


You were on level 1 of the Abyss.
You worshipped Lugonu.
Lugonu was aware of your devotion.
You visited 0 branches of the dungeon, and saw 0 of its levels.
You visited the Abyss 1 time.

You collected 11 gold pieces.

Inventory:

Hand Weapons
 a - a +1 short sword (weapon)
Armour
 b - a +0 robe (worn)
Scrolls
 c - a scroll of vulnerability {unknown}
 d - a scroll of identify {unknown}


   Skills:
 + Level 2.4 Fighting
 + Level 2.1 Short Blades
 + Level 3.2 Dodging
 + Level 1.7 Invocations


You couldn't memorise any spells.
You didn't know any spells.
Your spell library contained the following spells:

 Spells                   Type           Power      Damage    Failure   Level
 Gell's Gravitas          Tloc           0%         N/A       58%         3
 Lesser Beckoning         Tloc           0%         N/A       58%         3
 Teleport Other           Tloc           0%         N/A       58%         3


Dungeon Overview and Level Annotations

Branches:
Dungeon (0/15)

Altars:


Innate Abilities, Weirdness & Mutations

You are very small and have problems with some larger weapons.
You are too small for most types of armour.
You have supernaturally acute eyesight. (SInv)
You cover ground extremely quickly. (Speed+++)
[You do not regenerate when monsters are visible.]
[You are very weak. (Str -4)]
[Your spells are easier to cast, but less powerful.]


Message History

Welcome, SkeletonJelly the Spriggan Abyssal Knight.
The bosom of this dungeon contains the fabled artefact, the Orb of Zot.
Lugonu says: Depart the Abyss and spread corruption, my servant! (use the ability menu to exit the Abyss) Press ? for a list of commands and other information.
Found a corrupted altar of Lugonu.
Found a corrupted altar of Lugonu.
Found a gateway leading out of the Abyss.
Found a scroll labelled CIKAYR QUWNUYJOIS.
Found a scroll labelled ZUXZUYTOVI.
c - a scroll labelled CIKAYR QUWNUYJOIS
d - a scroll labelled ZUXZUYTOVI Key pressed, stopping explore.
Found 11 gold pieces.
Found a ring mail.
You now have 11 gold pieces.
A tentacled starspawn comes into view.
Tentacles burst from the starspawn's body! 2 starspawn tentacles come into view.
A tentacle flies out from the starspawn's body!
A starspawn tentacle comes into view.
Found 10 gold pieces.
A worldbinder comes into view.
The worldbinder calls forth creatures from the Lair of Beasts!
The blink frog blinks!
The blink frog blinks!
The blink frog blinks!
Found a book of Displacement.
A quasit comes into view.
The quasit gives a chilling moan.
You see here a book of Displacement.
You pick up a book of Displacement and begin reading...
You add the spells Lesser Beckoning, Gell's Gravitas and Teleport Other to your library.
The worldbinder calls forth creatures from the Lair of Beasts!
The worldbinder calls forth creatures from the Lair of Beasts!
A wretched star comes into view.
The blink frog disappears in a puff of smoke!
You hit the wretched star.
The wretched star is lightly damaged.
The wretched star pulses with an eldritch light!
Your regeneration stops near monsters.
Your connection to magic feels subdued.
Your connection to magic feels more subdued.
The wretched star pulses with an eldritch light!
You feel weaker. x2
The wretched star glows turbulently.
The lance of force hits you!
Ouch! That really hurt!
You die...

#............
###.########............
#... ...................
..... #.....#.....#.. ..
.#...###...###...# #...#
#.....#.....#.....#.....
................§.... 5.
.........*..§..5§.......
#......@....§.x§§..F....
......#.....#..F..# ....
###.. #####..#.##.##. ##
... #...#.#.# #.. ..#
..# ...#.. ### . #..
...#..# .## #.#.#.## ..


You could see a wretched star and a worldbinder.

Vanquished Creatures (others)
  4 starspawn tentacles (Abyss:1)
4 creatures vanquished.

Notes
Turn   | Place    | Note
-------+----------+-------------------------------------------
     0 | Abyss:1  | SkeletonJelly the Spriggan Abyssal Knight began the quest
                  | for the Orb.
     0 | Abyss:1  | Reached XP level 1. HP: 11/11 MP: 3/3
     2 | Abyss:1  | Found a corrupted altar of Lugonu.
   102 | Abyss:1  | Noticed a tentacled starspawn
   115 | Abyss:1  | Noticed a worldbinder
   116 | Abyss:1  | Noticed a blink frog
   116 | Abyss:1  | Noticed a blink frog
   116 | Abyss:1  | Noticed a blink frog
   132 | Abyss:1  | Noticed a quasit
   137 | Abyss:1  | Noticed a blink frog
   141 | Abyss:1  | Noticed a blink frog
   141 | Abyss:1  | Noticed a cane toad
   149 | Abyss:1  | Noticed a wretched star
   157 | Abyss:1  | Killed from afar by a wretched star

Illustrated notes

Levels and vault maps discovered:
Abyss:1:  base: Temple, base:
Temple

Action                   || total
-------------------------++-------
Melee: Short sword       ||     1

Table legend: (Time is in decaauts)
 A = Elapsed time spent in this place.
 B = Non-inter-level travel time spent in this place.
 C = Inter-level travel time spent in this place.
 D = Time resting spent in this place.
 E = Time spent auto-exploring this place.
 F = Levels seen in this place.
 G = Mean time per level.
                   A        B        C        D        E       F      G
               +--------+--------+--------+--------+--------+-----+--------+
         Total |     96 |     96 |      0 |      0 |     57 |   1 |   96.0 |
         Abyss |     96 |     96 |      0 |      0 |     57 |   1 |   96.0 |
               +--------+--------+--------+--------+--------+-----+--------+

Top non-repeatable levels by time:
 Abyss:1: 96 daAuts
